 Dungeon Crawl Stone Soup version 0.31-a0-1278-g11c5b68f87 (console) character file.

Game seed: 11941882468711547679

25 jejorda2 the Chopper (level 3, -7/35 HPs)
             Began as a Gnoll Berserker on Dec 17, 2023.
             Was a Follower of Trog.
             Mangled by Crazy Yiuf
             ... wielding a +4 quarterstaff of chaos
              (18 damage)
             ... on level 2 of the Dungeon.
             The game lasted 00:01:44 (1082 turns).

jejorda2 the Chopper (Gnoll Berserker)              Turns: 1082, Time: 00:01:45

Health: -7/35      AC:  3    Str: 18    XL:     3   Next: 4%
Magic:  0/3        EV: 13    Int:  6    God:    Trog [*.....]
Gold:   47         SH:  0    Dex: 11    Spells: 3/3 levels left

rFire   . . .        a - +0 hand axe
rCold   . . .        (no shield)
rNeg    . . .        m - +0 leather armour
rPois   +            (no helmet)
rElec   .            (no cloak)
rCorr   .            (no gloves)
SInv    .            (no boots)
Will    +....        (no amulet)
Stlth   +            g - ring of poison resistance
HPRegen 0.25/turn    (no ring)
MPRegen 0.08/turn

%: no passive effects
@: confused, mighty, on berserk cooldown, enlightened, flying, slowed, very slow
A: fangs 1, strong nose, distributed training
a: Renounce Religion, Berserk


You were on level 2 of the Dungeon.
You worshipped Trog.
Trog was aware of your devotion.
You visited 1 branch of the dungeon, and saw 2 of its levels.

You collected 47 gold pieces.

Inventory:

Hand Weapons
 a - a +0 hand axe (weapon)
 b - a +0 flail
Missiles
 d - 6 boomerangs
Armour
 m - a +0 leather armour (worn)
Jewellery
 g - a ring of poison resistance (left hand)
Scrolls
 c - a scroll of identify {unknown}
 e - 3 scrolls of brand weapon {unknown}
 k - a scroll of amnesia {unknown}
Potions
 i - a potion of haste {unknown}
 j - a potion of resistance {unknown}
 l - a potion of curing {unknown}


   Skills:
 + Level 6.5 Fighting
 + Level 0.6 Short Blades
 + Level 0.6 Long Blades
 + Level 6.5 Axes
 + Level 0.6 Maces & Flails
 + Level 0.6 Polearms
 + Level 0.6 Staves
 + Level 0.6 Ranged Weapons
 + Level 0.6 Throwing
 + Level 4.5 Armour
 + Level 4.5 Dodging
 + Level 0.6 Stealth
 + Level 0.6 Shields
 + Level 0.6 Unarmed Combat
 + Level 0.6 Spellcasting
 + Level 0.4 Conjurations
 + Level 0.4 Hexes
 + Level 0.4 Summonings
 + Level 0.4 Necromancy
 + Level 0.4 Translocations
 + Level 0.4 Transmutations
 + Level 0.4 Fire Magic
 + Level 0.4 Ice Magic
 + Level 0.4 Air Magic
 + Level 0.4 Earth Magic
 + Level 0.4 Poison Magic
 + Level 0.8 Invocations
 + Level 0.6 Evocations
 + Level 0.5 Shapeshifting


You had 3 spell levels left.
You didn't know any spells.
Your spell library was empty.

Dungeon Overview and Level Annotations

Branches:
Dungeon (2/15)

Altars:

Annotations:
D:2 Crazy Yiuf


Innate Abilities, Weirdness & Mutations

You have very sharp teeth.
Your uncanny sense of smell can sniff out nearby items.
Your experience applies equally to all skills.


Message History

A hobgoblin comes into view.
The hobgoblin shouts!
The hobgoblin hits you but does no damage.
You slash the hobgoblin!
You kill the hobgoblin!
Trog accepts your kill.
No target in view!
No target in view!
Found a hammer.
Found a runed hammer.
Found a runed translucent door.
Crazy Yiuf says, "Orb ladder noodlescoop!"
A red film seems to cover your vision as you go berserk!
You feel yourself moving faster!
You feel mighty!
The door flies open with a bang!
You feel a strong urge to attack something.
Crazy Yiuf hits you with a +4 quarterstaff of chaos!
You feel your power leaking away.
There is an open translucent door, spattered with blood here.
You slash Crazy Yiuf!
Crazy Yiuf is severely wounded.
Crazy Yiuf hits you with a +4 quarterstaff of chaos!
You are confused.
You bump into the tree.
You bump into the tree.
You feel a strong urge to attack something.
You are no longer berserk.
You are exhausted.
You feel yourself slow down.
Crazy Yiuf hits you with a +4 quarterstaff of chaos!
* * * LOW HITPOINT WARNING * * *
Unknown command.
Unknown command.
It was a potion of enlightenment.
You feel very buoyant.
You fly up into the air.
Crazy Yiuf closely misses you.
It was a potion of might.
You feel very mighty all of a sudden.
Crazy Yiuf hits you with a +4 quarterstaff of chaos!!
Ouch! That really hurt!
You die...

###...####.##.####.#######
#:..######.##....#.......####
#.#..............#.#####....#
..#..##...########## ####.# .
#..##...# #.# . #..##.<.#
♣♣♣♣♣###.# ...##...# ####
♣♣♣.♣.)+.#.# ###.##...#
#...#♣..♣.......# . ..##...#
#..g@.♣♣♣♣......# #######...#
#)..#♣♣ ♣♣.+..## .....###'##
#### ♣♣#### ####.###.#
##.......# ##.#.##### ##.#.#
...#.# ####.#


You could see Crazy Yiuf.

Vanquished Creatures
  2 dart slugs (D:1)
  2 bats (D:1)
  2 endoplasms (D:1)
  A giant cockroach (D:1)
  2 goblins (D:1)
  2 hobgoblins
  A quokka (D:1)
  4 ball pythons
  4 frilled lizards (D:1)
20 creatures vanquished.

Notes
Turn   | Place    | Note
-------+----------+-------------------------------------------
     0 | D:1      | jejorda2 the Gnoll Berserker began the quest for the Orb.
     0 | D:1      | Reached XP level 1. HP: 23/23 MP: 1/1
   144 | D:1      | Reached XP level 2. HP: 23/29 MP: 2/2
   970 | D:2      | Reached XP level 3. HP: 35/35 MP: 3/3
  1071 | D:2      | Found a runed translucent door.
  1072 | D:2      | Noticed Crazy Yiuf
  1082 | D:2      | Mangled by Crazy Yiuf

Illustrated notes

Levels and vault maps discovered:
D:1:      eino_arrival_cavern_a, layout_basic
D:2:      layout_basic, uniq_crazy_yiuf_cottage

Action                     || total
---------------------------++-------
  Melee: Hand axe          ||    58
         Bite              ||     9
 Invoke: Berserk           ||     1
    Use: Potion            ||     2
   Stab: Sleeping          ||     3
 Armour: Animal skin       ||    17
         Leather armour    ||     5
  Dodge: Dodged            ||    42

Table legend: (Time is in decaauts)
 A = Elapsed time spent in this place.
 B = Non-inter-level travel time spent in this place.
 C = Inter-level travel time spent in this place.
 D = Time resting spent in this place.
 E = Time spent auto-exploring this place.
 F = Levels seen in this place.
 G = Mean time per level.
                   A        B        C        D        E       F      G
               +--------+--------+--------+--------+--------+-----+--------+
         Total |   1078 |   1047 |     31 |      0 |    866 |   2 |  539.0 |
       Dungeon |   1078 |   1047 |     31 |      0 |    866 |   2 |  539.0 |
               +--------+--------+--------+--------+--------+-----+--------+

Top non-repeatable levels by time:
     D:1: 935 daAuts
     D:2: 142 daAuts
